AoeStats
← Vladimir Vladimirovich

Golden Pit

509341675Analyzed
1v1 RM · 7d ago on Sep 26, 2026· 23m 24s· 2 players
Game mode
Random Map
Map size
Tiny (2 player)
Population
200
Speed
Normal
Resources
Standard
Victory
Conquest
Starting age
Dark Age
Ending age
Imperial Age
RankedLock teamsTeams togetherTeam positionsShared explorationLock speedFull tech treeHidden civsTurbo modeCheats
Victory
Defeat
🇳🇴 Khmer · Norway
980
+14
🇷🇺 Turks · Russia
945
-41
Vladimir Vladimirovich
12:31 Feudal Age
15:36 Wheelbarrow
superdonk
4:08 Loom
11:22 Feudal Age
11:53 Double-Bit Axe
13:10 Horse Collar
14:53 Wheelbarrow
17:02 Castle Age
17:58 Bloodlines
18:37 Bow Saw
18:33 Heavy Plow
19:07 Husbandry
21:20 Gold Mining
23:05 Gold Shaft Mining
Connection lost

Rejoining the realm…

Still unreachable

The connection could not be restored.

Session expired

The server has moved on; the page needs a fresh start.